 Dungeon Crawl Stone Soup version 0.21.1-1-g345015f (webtiles) character file.

7487 troglodite the Carver (level 10, 0/80 HPs)
             Began as a Demonspawn Berserker on Feb 15, 2018.
             Was a High Priest of Trog.
             Slain by a white ugly thing (23 damage)
             ... on level 11 of the Dungeon.
             The game lasted 00:30:37 (9670 turns).

troglodite the Carver (Demonspawn Berserker)        Turns: 9670, Time: 00:30:38

Health: 0/80       AC: 30    Str: 17    XL:     10   Next: 94%
Magic:  10/10      EV: 11    Int: 12    God:    Trog [*****.]
Gold:   843        SH:  9    Dex: 14    Spells: 9/9 levels left

rFire    + . .     SeeInvis .   j - +0 long sword (elec)
rCold    . . .     Gourm    .   M - +0 shield
rNeg     . . .     Faith    .   J - +2 ring mail of Codu Yle {MR++ rCorr Int+4 Dex-3}
rPois    .         Spirit   .   (helmet restricted)
rElec    .         Reflect  .   L - +2 cloak
rCorr    +         Harm     .   m - +0 pair of gloves
MR       ++...                  t - +2 pair of boots
Stlth    ++........             (no amulet)
HPRegen  0.23/turn              N - +5 ring of protection
MPRegen  0.12/turn              f - ring of stealth

@: sanguine armour, berserk cooldown, slowed, very slow
A: antennae 2, demonic guardian 2, fire resistance 1, sanguine armour 2
a: Berserk, Trog's Hand, Brothers in Arms, Burn Spellbooks, Renounce Religion


You were on level 11 of the Dungeon.
You worshipped Trog.
Trog was extremely pleased with you.
You were not hungry.

You visited 1 branch of the dungeon, and saw 11 of its levels.

You collected 843 gold pieces.

Inventory:

Hand Weapons
 a - a +0 falchion
 e - a +0 hunting sling
 j - a +0 long sword of electrocution (weapon)
Missiles
 g - 141 sling bullets
 C - 245 stones (quivered)
Armour
 m - a +0 pair of gloves (worn)
 t - a +2 pair of boots (worn)
 E - a scarf of spirit shield
 J - the +2 ring mail of Codu Yle (worn) {MR++ rCorr Int+4 Dex-3}
   (You found it on level 7 of the Dungeon)

   It affects your intelligence (+4).
   It affects your dexterity (-3).
   It affects your resistance to hostile enchantments.
   It protects you from acid and corrosion.
 L - a +2 cloak (worn)
 M - a +0 shield (worn)
Jewellery
 f - a ring of stealth (right hand)
 l - a +4 ring of intelligence
 I - a +1 ring of protection
 K - an uncursed ring of ice
 N - a +5 ring of protection (left hand)
Wands
 y - a wand of random effects (24)
 F - a wand of flame (55)
 G - a wand of enslavement (13)
Scrolls
 b - 2 scrolls of blinking {unknown}
 h - 3 scrolls of immolation
 i - 3 scrolls of teleportation
 k - 2 scrolls of fog
 n - 2 scrolls of enchant weapon {unknown}
 r - a scroll of fear {unknown}
 s - 4 scrolls of remove curse
 A - a scroll of identify
 B - 2 scrolls of magic mapping
 H - a scroll of holy word {unknown}
Potions
 d - 3 potions of agility
 o - 4 potions of curing
 p - a potion of haste
 q - 2 potions of flight
 u - 2 potions of might
 v - a potion of berserk rage {unknown}
 w - 2 potions of resistance {unknown}
 x - 4 potions of heal wounds
 z - a potion of brilliance
 D - a potion of mutation
Comestibles
 c - 20 rations


   Skills:
 * Level 7.7 Fighting
 * Level 10.1 Long Blades
 * Level 4.8 Slings
 * Level 6.4 Armour
 * Level 5.2 Dodging
 + Level 2.1 Stealth
 * Level 2.7 Shields


You had 9 spell levels left.
You didn't know any spells.

Dungeon Overview and Level Annotations

Branches:
Dungeon (11/15)            Temple (0/1) D:7            Lair (0/6) D:8
    Orc (0/2) D:9

Altars:
Ashenzari
Cheibriados
Dithmenos
Elyvilon
Gozag
Hepliaklqana
Makhleb
Sif Muna
Trog
Vehumet
Xom
Zin

Shops:
D:9 (   D:10 }

Annotations:
D:11 baljet's ghost, journeyman HOFi


Innate Abilities, Weirdness & Mutations

You have a pair of antennae on your head.
A demonic guardian rushes to your aid.
Your flesh is heat resistant. (rF+)
When seriously injured, your bleeding wounds create thick armour. (AC +9)


Message History

The white ugly thing stings you but does no damage.
The bullfrog zombie hits you but does no damage.
Baljet's ghost hits your sixfirhy! The white ugly thing stings you.
The white ugly thing freezes you!
You hit the white ugly thing.
The white ugly thing is heavily wounded.
Your sixfirhy disappears in a puff of smoke!
You block the bullfrog zombie's attack. The bullfrog zombie barely misses you.
The white ugly thing stings you.
Your blood congeals into armour.
The white ugly thing freezes you!!
Your ogre closely misses the white ugly thing.
Baljet's ghost hits your ogre.
Unknown command.
You closely miss the white ugly thing.
The white ugly thing is heavily wounded.
The bullfrog zombie hits you but does no damage.
The white ugly thing stings you.
* * * LOW HITPOINT WARNING * * *
The white ugly thing freezes you!!
You die...

* *,,,* ##,* * #######'### #.,*
*** **#.......%.# ######.#### ,,*
*,+.........# #.......... ,,*
**,#.........# #....u..... ,,*
***,.#.(.......# #.......... ,,*
**,,,......4....# #.......... ,,*
*,,,,...:..ZWO..###..........
,,***,,,∩)......@u..'.#..........
,,*,,,,,,...........#............
<,*,*,,,,...........###..........
,,+<*,,,*...........# #..........
,,*******############ ###########
***


You could see a white ugly thing, baljet's ghost, a bullfrog zombie, a friendly
orange demon and a friendly ogre (berserk).

Vanquished Creatures
  Erolcha (D:10)
  A two-headed ogre (D:8)
  A centaur skeleton (D:10)
  A guardian serpent (D:9)
  A hippogriff (D:10)
  Eustachio (D:4)
  Menkaure (D:6)
  Edmund (D:6)
  2 ice beasts (D:8)
  3 orc warriors
  2 phantoms (D:8)
  A necrophage (D:10)
  4 ogres
  3 centaurs
  A gnoll sergeant (D:9)
  4 bullfrogs
  A wyvern skeleton (D:10)
  A water moccasin skeleton (D:8)
  2 scorpions
  3 killer bees (D:10)
  A howler monkey (D:8)
  A bullfrog zombie (D:10)
  3 crimson imps
  A quasit (D:8)
  2 hounds
  4 orc priests
  5 jellies
  4 orc wizards
  Natasha (D:2)
  7 iguanas
  9 worker ants
  2 killer bee zombies
  3 gnolls (D:9)
  A howler monkey skeleton (D:7)
  10 adders
  3 shadow imps
  9 oozes
  2 adder zombies
  3 worms
  A dart slug (D:1)
  6 leopard geckos
  22 orcs
  5 giant cockroaches
  7 hobgoblins
  6 jackals
  8 kobolds
  2 quokkas
  A ball python zombie (D:5)
  5 bats
  2 frilled lizards
  14 goblins
  7 rats
192 creatures vanquished.

Vanquished Creatures (collateral kills)
  2 two-headed ogres (D:10)
  Pikel (D:4)
  A guardian serpent (D:9)
  A gargoyle (D:10)
  A troll (D:9)
  A hornet (D:10)
  Grinder (D:6)
  A hippogriff (D:9)
  A water moccasin (D:10)
  3 slaves (D:4)
  A phantom (D:8)
  An ogre (D:8)
  2 killer bees (D:10)
  A hound (D:8)
  A jelly (D:9)
  Terence (D:2)
  2 worker ants
  Natasha (D:2)
  2 orc wizards (D:4)
  A hound skeleton (D:11)
  Robin (D:4)
  A gnoll (D:9)
  5 orcs
  4 goblins
  A hobgoblin (D:4)
  A jackal (D:10)
  A kobold (D:2)
  A ball python (D:6)
  A bat (D:2)
42 creatures vanquished.

Vanquished Creatures (others)
  A leopard gecko (D:4)
1 creature vanquished.

Grand Total: 235 creatures vanquished

Notes
Turn   | Place    | Note
-------+----------+-------------------------------------------
     0 | D:1      | troglodite the Demonspawn Berserker began the quest for the Orb.
     0 | D:1      | Reached XP level 1. HP: 18/18 MP: 1/1
   380 | D:1      | Gained mutation: A weak demonic guardian rushes to your aid. [demonic ancestry]
   380 | D:1      | Reached XP level 2. HP: 22/24 MP: 2/2
   737 | D:2      | Found a snail-covered altar of Cheibriados.
   737 | D:2      | Noticed Terence
   909 | D:2      | Reached skill level 3 in Long Blades
   924 | D:2      | Noticed Natasha
   929 | D:2      | Killed Natasha
   929 | D:2      | Gained mutation: You have a pair of small antennae on your head. [demonic ancestry]
   929 | D:2      | Reached XP level 3. HP: 13/29 MP: 3/3
  1240 | D:2      | Killed Terence
  1333 | D:2      | Gained mutation: You have a pair of antennae on your head. [demonic ancestry]
  1333 | D:2      | Reached XP level 4. HP: 33/37 MP: 4/4
  1759 | D:3      | Found a burning altar of Makhleb.
  1780 | D:3      | Reached ** piety under Trog
  2138 | D:2      | Noticed Natasha
  2142 | D:2      | Killed Natasha
  2142 | D:2      | Gained mutation: When seriously injured, your bleeding wounds create armour. (AC +9) [demonic ancestry]
  2142 | D:2      | Reached XP level 5. HP: 42/42 MP: 5/5
  2225 | D:2      | Reached skill level 4 in Long Blades
  2259 | D:2      | Found a shattered altar of Ashenzari.
  2299 | D:2      | Found a white marble altar of Elyvilon.
  2681 | D:3      | Found a hazy altar of Hepliaklqana.
  2683 | D:3      | Found a shimmering altar of Xom.
  2683 | D:3      | Noticed a hell beast
  2684 | D:3      | Noticed a spectral ugly thing
  2684 | D:3      | Noticed a hell beast
  2854 | D:4      | Noticed Eustachio
  2865 | D:4      | Killed Eustachio
  2865 | D:4      | Reached skill level 1 in Slings
  2865 | D:4      | Gained mutation: When seriously injured, your bleeding wounds create thick armour. (AC +9) [demonic ancestry]
  2865 | D:4      | Reached XP level 6. HP: 48/48 MP: 6/6
  3220 | D:4      | Found a glowing silver altar of Zin.
  3261 | D:4      | Found a bloodstained altar of Trog.
  3322 | D:4      | Noticed an orc warrior
  3338 | D:4      | Killed an orc warrior
  3338 | D:4      | Reached *** piety under Trog
  3338 | D:4      | Reached skill level 5 in Long Blades
  3471 | D:4      | Noticed Robin
  3480 | D:4      | Noticed a slave
  3483 | D:4      | Noticed a slave
  3484 | D:4      | Noticed Pikel
  3484 | D:4      | Noticed a slave
  3485 | D:4      | Gained mutation: A demonic guardian rushes to your aid. [demonic ancestry]
  3485 | D:4      | Reached XP level 7. HP: 54/54 MP: 7/7
  3499 | D:4      | Killed Robin
  3503 | D:4      | Killed Pikel
  3684 | D:4      | Reached skill level 6 in Long Blades
  4301 | D:5      | Entered Level 5 of the Dungeon
  4310 | D:5      | Found an opulent altar of Gozag.
  4458 | D:5      | Reached XP level 8. HP: 59/61 MP: 8/8
  4742 | D:5      | Found a burning altar of Makhleb.
  4745 | D:5      | Noticed an Executioner
  4750 | D:5      | Noticed a smoke demon
  5292 | D:6      | Noticed Grinder
  5304 | D:6      | Killed Grinder
  5376 | D:6      | Noticed Menkaure
  5383 | D:6      | Killed Menkaure
  5383 | D:6      | Reached **** piety under Trog
  5383 | D:6      | Reached skill level 5 in Fighting
  5383 | D:6      | Reached skill level 7 in Long Blades
  5618 | D:6      | Noticed Edmund
  5631 | D:6      | Killed Edmund
  5857 | D:7      | Got a slimy ring mail
  5877 | D:7      | Identified the +2 ring mail of Codu Yle {MR++ rCorr Int+4 Dex-3} (You found it on level 7 of the Dungeon)
  5987 | D:7      | Found a staircase to the Ecumenical Temple.
  6511 | D:8      | Reached skill level 5 in Armour
  6511 | D:8      | Gained mutation: Your flesh is heat resistant. (rF+) [demonic ancestry]
  6511 | D:8      | Reached XP level 9. HP: 56/68 MP: 7/9
  6625 | D:8      | Found a shadowy altar of Dithmenos.
  6654 | D:8      | Reached skill level 8 in Long Blades
  6728 | D:8      | Found a staircase to the Lair.
  6837 | D:8      | Found a radiant altar of Vehumet.
  6858 | D:8      | Reached skill level 1 in Stealth
  6905 | D:8      | Noticed a two-headed ogre
  6911 | D:8      | Killed a two-headed ogre
  6916 | D:8      | Reached skill level 9 in Long Blades
  7120 | D:9      | Found a staircase to the Orcish Mines.
  7120 | D:9      | Found Tawah's Weapon Shoppe.
  7168 | D:9      | Reached ***** piety under Trog
  7191 | D:9      | Reached XP level 10. HP: 45/77 MP: 6/10
  7273 | D:9      | Noticed a guardian serpent
  7277 | D:9      | Killed a guardian serpent
  7537 | D:9      | Found a deep blue altar of Sif Muna.
  7621 | D:9      | Noticed a guardian serpent
  7630 | D:9      | Killed a guardian serpent
  7630 | D:9      | Reached skill level 1 in Shields
  8319 | D:10     | Entered Level 10 of the Dungeon
  8371 | D:10     | Noticed a two-headed ogre
  8378 | D:10     | Noticed Erolcha
  8380 | D:10     | Killed a two-headed ogre
  8648 | D:10     | Killed Erolcha
  8655 | D:10     | Received a gift from Trog
  8796 | D:10     | Noticed a gargoyle
  8805 | D:10     | Killed a gargoyle
  8805 | D:10     | Reached skill level 5 in Dodging
  9124 | D:10     | Found Kuofanicau's Gadget Emporium.
  9135 | D:10     | Noticed a two-headed ogre
  9143 | D:10     | Killed a two-headed ogre
  9143 | D:10     | Reached skill level 10 in Long Blades
  9641 | D:11     | Noticed a white ugly thing
  9647 | D:11     | Noticed baljet's ghost (journeyman HOFi)
  9670 | D:11     | Slain by a white ugly thing

Skill      XL: |  1  2  3  4  5  6  7  8  9 10 |
---------------+-------------------------------+-----
Armour         | 2 3 5 6 |  6.4
Long Blades    | 3 4 5 6 7 9 10 | 10.1
Dodging        | 2 3 4 5 |  5.2
Fighting       | 4 5 6 7 |  7.7
Slings         | 1 2 3 4 |  4.8
Stealth        | 1 2 |  2.1
Shields        | 2 |  2.7

Action                   |  1- 3 |  4- 6 |  7- 9 | 10-12 || total
-------------------------+-------+-------+-------+-------++-------
Melee: Falchion          |    62 |   150 |       |       ||   212
       Long sword        |       |    39 |   291 |   152 ||   482
Invok: Berserk           |     1 |     4 |     4 |     6 ||    15
       Brothers in Arms  |       |       |       |     1 ||     1
  Use: Scroll            |       |     4 |       |    14 ||    18
       Potion            |       |     2 |       |       ||     2
 Stab: Sleeping          |       |     1 |     1 |       ||     2
       Distracted        |       |       |     3 |       ||     3
  Eat: Chunk             |     2 |    10 |    16 |    10 ||    38
       Ration            |       |       |       |     2 ||     2
Armor: Animal skin       |    15 |     8 |       |       ||    23
       Leather armour    |       |    13 |       |       ||    13
       Plate armour      |       |   106 |   109 |       ||   215
       Ring mail         |       |       |    67 |    99 ||   166
Dodge: Dodged            |    53 |   103 |   129 |    69 ||   354
Block: Shield            |       |       |       |    64 ||    64
       Rpst.: Falchion   |    16 |    25 |       |       ||    41
       Long sword        |       |     6 |    29 |    19 ||    54
